 Dungeon Crawl Stone Soup version 0.29.0-4-gdea44cf6ec (webtiles) character file.

Game seed: 6137812008484743368

360 qw the Chopper (level 6, -2/35 HPs)
             Began as a Tengu Warper on Aug 28, 2022.
             Was an Initiate of Okawaru.
             Constricted to death by Edmund (5 damage)
             ... on level 6 of the Dungeon.
             The game lasted 00:00:29 (6356 turns).

qw the Chopper (Tengu Warper)                       Turns: 6356, Time: 00:00:30

Health: -2/35      AC: 11    Str: 13    XL:     6   Next: 65%
Magic:  10/10      EV:  4    Int: 13    God:    Okawaru [......]
Gold:   310        SH:  0    Dex: 14    Spells: 9/9 levels left

rFire   . . .      SeeInvis .   Y - +1 hand axe
rCold   . . .      Faith    .   (no shield)
rNeg    . . .      Spirit   .   i - +0 chain mail
rPois   .          Reflect  .   (helmet restricted)
rElec   .          Harm     .   (no cloak)
rCorr   .          Rampage  .   e - +2 pair of gloves
Will    .....                   (boots unavailable)
Stlth   ..........              (no amulet)
HPRegen 0.11/turn               (no ring)
MPRegen 0.12/turn               (no ring)

@: about to teleport, grasped by roots, flying quickly and evasively,
constricted, quick
A: beak, talons 3, nimble flight, horns 1, screaming 1
a: Renounce Religion


You were on level 6 of the Dungeon.
You worshipped Okawaru.
Okawaru was noncommittal.
You visited 2 branches of the dungeon, and saw 7 of its levels.

You collected 310 gold pieces.


Innate Abilities, Weirdness & Mutations

You have a beak for a mouth.
You have claws for feet.
Your magical nature lets you fly swiftly and evasively.
You have a pair of small horns on your head.
You occasionally shout uncontrollably at your foes.


   Skills:
 + Level 2.1 Fighting
 - Level 7.1 Axes
 - Level 1.0 Throwing
 - Level 2.3 Armour
 - Level 2.1 Dodging
 - Level 2.0 Spellcasting
 - Level 2.4 Translocations


You had 9 spell levels left.
You didn't know any spells.
Your spell library contained the following spells:

 Spells                   Type           Power      Damage    Failure   Level
 Blink                    Tloc           14%        N/A       99%         2
 Gell's Gravitas          Tloc           7%         N/A       100%        3
 Lesser Beckoning         Tloc           7%         N/A       100%        3
 Teleport Other           Tloc           7%         N/A       100%        3
 Manifold Assault         Tloc           7%         N/A       100%        5

Inventory:

Hand Weapons
 f - a +0 flail
 Y - a +1 hand axe (weapon)
Missiles
 k - 4 javelins (quivered)
Armour
 e - a +2 pair of gloves (worn)
 i - a +0 chain mail (worn)
Scrolls
 g - 3 scrolls of teleportation
 j - a scroll of identify
Potions
 b - 2 potions of curing
 d - a potion of berserk rage {unknown}
 h - a potion of magic {unknown}
 l - a potion of heal wounds {unknown}
 n - a potion of degeneration {unknown}

Dungeon Overview and Level Annotations

Branches:
Dungeon (6/15)             Temple (1/1) D:5

Altars:
Dithmenos
Gozag
Hepliaklqana
Kikubaaqudgha
Makhleb
Nemelex Xobeh
Okawaru
Qazlal
Trog
Uskayaw
Vehumet
Xom
Yredelemnul

Shops:
D:2 =

Portals:
Abyss: D:4

Annotations:
D:3 1 runed translucent door, qw's ghost, amateur TeWr
D:4 2 transporters, 1 runed translucent door, qw's ghost, amateur TeWr
D:6 Edmund


Message History

Edmund is lightly wounded.
Edmund hits you with a +4 flail of protection.
You hit Edmund but do no damage. Your headbutt misses Edmund. You peck Edmund.
Edmund is lightly wounded.
Edmund barely misses you.
You hit Edmund but do no damage. You peck Edmund, but do no damage.
Edmund is lightly wounded.
Edmund hits you with a +4 flail of protection.
You hit Edmund but do no damage. Your kick misses Edmund.
You headbutt Edmund, but do no damage. Your peck misses Edmund.
Edmund is lightly wounded.
You closely miss Edmund. Your kick misses Edmund.
You peck Edmund, but do no damage.
Edmund is lightly wounded.
Edmund zaps a wand.
The roots erupt in riotous growth!
The grasping roots grab you!
Edmund is unaffected.
The grasping roots constrict you.
You hit Edmund but do no damage. You headbutt Edmund.
Edmund is moderately wounded.
Edmund hits you with a +4 flail of protection.
The grasping roots constrict you.
You hit Edmund but do no damage. You claw Edmund. Your headbutt misses Edmund.
Edmund is moderately wounded.
Edmund hits you with a +4 flail of protection!
The grasping roots constrict you.
The grasping roots release their grip on you.
You hit Edmund. You claw Edmund. You headbutt Edmund.
Edmund is heavily wounded.
Edmund zaps a wand.
The roots erupt in riotous growth!
The grasping roots grab you!
Edmund is unaffected.
The now-empty wand crumbles to dust.
The grasping roots constrict you!
You hear a shout! x2; You hear an angry hiss.
6356 ||| READING 4 scrolls of teleportation.
As you read the scroll of teleportation, it crumbles to dust.
You feel strangely unstable.
A gnoll comes into view. It is wielding a +0 club.
Edmund hits you with a +4 flail of protection.
The grasping roots constrict you.
You die...

##.## #.######
.....
#...g..####.....
#..##...........
#..#............
#...............
#.##............
#.#.....@@......
#.##.#+######+##
#......#
####<#####
#....<# #######


You could see Edmund and a gnoll.

Vanquished Creatures
  A scorpion (D:5)
  3 hounds
  An iguana (D:4)
  Jessica (D:2)
  Terence (D:2)
  2 adders (D:4)
  A white imp (D:5)
  A dart slug (D:1)
  7 orcs
  8 endoplasms
  5 giant cockroaches
  8 goblins
  6 hobgoblins
  10 jackals (D:1)
  9 kobolds
  4 quokkas
  12 ball pythons
  6 bats
  4 frilled lizards
  A goblin zombie (D:4)
  3 rats
94 creatures vanquished.

Notes
Turn   | Place    | Note
-------+----------+-------------------------------------------
     0 | D:1      | qw the Tengu Warper began the quest for the Orb.
     0 | D:1      | Reached XP level 1. HP: 12/12 MP: 4/4
     0 | D:1      | 0 ||| qw: Version: 0.1-a-89-g26bdef1
     0 | D:1      | 0 ||| qw: Game counter: 2875
     0 | D:1      | 0 ||| qw: Always use a shield: true
     0 | D:1      | 0 ||| qw: God list: Okawaru
     0 | D:1      | 0 ||| qw: Allow faded altars: false
     0 | D:1      | 0 ||| qw: Do Orc after D:15 true
     0 | D:1      | 0 ||| qw: Do second Lair branch before Depths: true
     0 | D:1      | 0 ||| qw: Lair rune preference: random
     0 | D:1      | 0 ||| qw: Plans: Normal
     0 | D:1      | 0 ||| PLANNING D:1-11
    83 | D:1      | Reached XP level 2. HP: 9/17 MP: 6/6
   322 | D:1      | Reached skill level 3 in Axes
   442 | D:1      | 442 ||| Stepping ~*~*~tactically~*~*~ (stealth).
   457 | D:1      | Reached XP level 3. HP: 21/21 MP: 7/7
   461 | D:1      | 461 ||| Stepping ~*~*~tactically~*~*~ (stealth).
   475 | D:1      | 475 ||| Stepping ~*~*~tactically~*~*~ (stealth).
   476 | D:1      | 476 ||| Stepping ~*~*~tactically~*~*~ (stealth).
   493 | D:1      | 493 ||| Stepping ~*~*~tactically~*~*~ (stealth).
   495 | D:1      | 495 ||| Stepping ~*~*~tactically~*~*~ (stealth).
   497 | D:1      | 497 ||| Stepping ~*~*~tactically~*~*~ (stealth).
   501 | D:1      | Reached skill level 4 in Axes
   698 | D:1      | Found a faded altar of an unknown god.
   762 | D:1      | 762 ||| Stepping ~*~*~tactically~*~*~ (stealth).
   765 | D:1      | 765 ||| Stepping ~*~*~tactically~*~*~ (stealth).
  1141 | D:1      | 1141 ||| UPGRADING to +0 ring mail.
  1151 | D:1      | 1151 ||| DROPPING +0 leather armour.
  1152 | D:1      | 1152 ||| UPGRADING to +0 chain mail.
  1162 | D:1      | 1162 ||| DROPPING +0 ring mail.
  1163 | D:1      | 1163 ||| READING scroll labelled OPELY ZEATTIX.
  1264 | D:1      | 1264 ||| READING scroll labelled AZEWI JUPOAX.
  1265 | D:1      | 1265 ||| READING 3 scrolls labelled ZOSTOCLIMM.
  1266 | D:1      | 1266 ||| DRINKING 2 smoky purple potions.
  1267 | D:1      | 1267 ||| DROPPING scroll of blinking.
  1268 | D:1      | 1268 ||| DROPPING potion of brilliance.
  1293 | D:2      | Noticed Jessica
  1296 | D:2      | 1296 ||| Stepping ~*~*~tactically~*~*~ (hiding).
  1305 | D:2      | Killed Jessica
  1306 | D:2      | Reached XP level 4. HP: 12/26 MP: 8/8
  1510 | D:2      | Reached skill level 5 in Axes
  1559 | D:2      | Found Ihunnuxo's Jewellery Boutique.
  1566 | D:2      | 1566 ||| SHOPLISTING +4 ring of evasion (432 gold, have
                  | 35).
  1566 | D:2      | 1566 ||| SHOPLISTING +6 ring of strength (432 gold, have
                  | 35).
  1566 | D:2      | 1566 ||| SHOPLISTING amulet of reflection (360 gold, have
                  | 35).
  1566 | D:2      | 1566 ||| SHOPLISTING ring "Perchelos" {Fire Will+++ Stlth-}
                  | (703 gold, have 35).
  1566 | D:2      | 1566 ||| SHOPLISTING ring of protection from fire (300
                  | gold, have 35).
  1695 | D:2      | Noticed Terence
  1705 | D:2      | Killed Terence
  1947 | D:2      | 1947 ||| DROPPING +0 club.
  2485 | D:2      | 2485 ||| DROPPING amulet of faith.
  2486 | D:2      | 2486 ||| READING scroll labelled WITABY FARGH.
  2487 | D:2      | 2487 ||| READING scroll labelled XEEG YBARA.
  2491 | D:2      | 2491 ||| READING scroll labelled SIRPHU XOMMYPN.
  2492 | D:2      | 2492 ||| DRINKING 2 yellow potions.
  2492 | D:2      | Gained mutation: You are occasionally teleported next to
                  | monsters. [potion of mutation]
  2493 | D:2      | 2493 ||| DRINKING potion of mutation.
  2493 | D:2      | Lost mutation: You are occasionally teleported next to
                  | monsters. [potion of mutation]
  2493 | D:2      | Gained mutation: You have a pair of small horns on your
                  | head. [potion of mutation]
  2493 | D:2      | Gained mutation: You occasionally shout uncontrollably at
                  | your foes. [potion of mutation]
  2494 | D:2      | 2494 ||| READING 2 scrolls of identify.
  2494 | D:2      | 2494 ||| IDENTIFYING bubbling purple potion
  2495 | D:2      | 2495 ||| DROPPING potion of flight.
  2512 | D:3      | Gained mutation: Your magical nature lets you fly swiftly
                  | and evasively. [Tengu growth]
  2512 | D:3      | Reached XP level 5. HP: 9/30 MP: 9/9
  2974 | D:3      | Found a runed translucent door.
  2975 | D:3      | Noticed qw's ghost (amateur TeWr)
  3464 | D:3      | 3464 ||| READING 2 scrolls labelled DUIN SUZUOZUI.
  3465 | D:3      | 3465 ||| READING scroll labelled TAETUOL KYOK.
  3466 | D:3      | 3466 ||| READING 2 scrolls of identify.
  3466 | D:3      | 3466 ||| IDENTIFYING viscous cyan potion
  3467 | D:3      | 3467 ||| Stepping randomly (stuck).
  3468 | D:3      | 3468 ||| Stepping ~*~*~tactically~*~*~ (cloud).
  3477 | D:3      | HP: 7/30 [poisoned by you (poison gas)]
  3784 | D:4      | 3784 ||| Stepping ~*~*~tactically~*~*~ (stealth).
  3796 | D:4      | 3796 ||| Stepping ~*~*~tactically~*~*~ (stealth).
  3829 | D:4      | Reached skill level 6 in Axes
  3880 | D:4      | Found a transporter.
  3938 | D:4      | Noticed a small abomination
  3944 | D:4      | Found a transporter.
  3944 | D:4      | Found a one-way gate to the infinite horrors of the Abyss.
  3944 | D:4      | Noticed qw's ghost (amateur TeWr)
  4061 | D:4      | HP: 5/30 [iguana (5)]
  4271 | D:4      | 4271 ||| FLEEEEING.
  4272 | D:4      | 4272 ||| FLEEEEING.
  4273 | D:4      | 4273 ||| FLEEEEING.
  4274 | D:4      | 4274 ||| FLEEEEING.
  4275 | D:4      | 4275 ||| FLEEEEING.
  4276 | D:4      | 4276 ||| FLEEEEING.
  4277 | D:4      | 4277 ||| FLEEEEING.
  4278 | D:4      | 4278 ||| FLEEEEING.
  4279 | D:4      | 4279 ||| FLEEEEING.
  4280 | D:4      | 4280 ||| FLEEEEING.
  4281 | D:4      | 4281 ||| FLEEEEING.
  4282 | D:4      | 4282 ||| FLEEEEING.
  4283 | D:4      | 4283 ||| FLEEEEING.
  4284 | D:4      | 4284 ||| FLEEEEING.
  4285 | D:4      | 4285 ||| FLEEEEING.
  4286 | D:4      | 4286 ||| FLEEEEING.
  4291 | D:4      | 4291 ||| STAIRDANCE
  4363 | D:3      | 4363 ||| UPGRADING to +0 pair of gloves.
  4368 | D:3      | 4368 ||| READING scroll of enchant armour.
  4368 | D:3      | 4368 ||| ENCHANTING +0 pair of gloves.
  4369 | D:3      | 4369 ||| READING scroll labelled GOMOFI EJIL.
  4370 | D:3      | 4370 ||| READING scroll labelled UDEN WEDUCEANO.
  4371 | D:3      | 4371 ||| READING scroll labelled RICAPN MUMESO.
  4475 | D:4      | 4475 ||| Stepping ~*~*~tactically~*~*~ (stealth).
  4618 | D:4      | 4618 ||| Stepping ~*~*~tactically~*~*~ (hiding).
  4620 | D:4      | 4620 ||| Stepping ~*~*~tactically~*~*~ (hiding).
  4623 | D:4      | 4623 ||| Stepping ~*~*~tactically~*~*~ (hiding).
  4624 | D:4      | 4624 ||| Stepping ~*~*~tactically~*~*~ (hiding).
  4637 | D:4      | Reached XP level 6. HP: 27/35 MP: 10/10
  4703 | D:4      | Found a runed translucent door.
  4703 | D:4      | Noticed a human
  4717 | D:4      | Found a basalt altar of Yredelemnul.
  4778 | D:5      | Entered Level 5 of the Dungeon
  4880 | D:5      | Found a staircase to the Ecumenical Temple.
  4881 | D:5      | 4881 ||| PLANNING TEMPLE
  4889 | Temple   | Entered the Ecumenical Temple
  4924 | Temple   | Became a worshipper of Warmaster Okawaru
  4949 | Temple   | 4949 ||| PLANNING D:1-11
  5227 | D:5      | 5227 ||| READING scroll of enchant armour.
  5227 | D:5      | 5227 ||| ENCHANTING +1 pair of gloves.
  5341 | D:5      | Reached skill level 7 in Axes
  5463 | D:5      | 5463 ||| Stepping ~*~*~tactically~*~*~ (hiding).
  5464 | D:5      | 5464 ||| Stepping ~*~*~tactically~*~*~ (hiding).
  5650 | D:5      | 5650 ||| Stepping ~*~*~tactically~*~*~ (stealth).
  6291 | D:5      | 6291 ||| READING 3 scrolls labelled YRREYLIECS.
  6292 | D:5      | 6292 ||| READING 2 scrolls of identify.
  6292 | D:5      | 6292 ||| IDENTIFYING murky ruby potion
  6293 | D:5      | 6293 ||| DROPPING 2 scrolls of immolation.
  6294 | D:5      | 6294 ||| DROPPING potion of lignification.
  6343 | D:6      | Noticed Edmund
  6355 | D:6      | HP: 4/35 [constriction (9)]
  6356 | D:6      | 6356 ||| READING 4 scrolls of teleportation.
  6356 | D:6      | Constricted to death by Edmund

Levels and vault maps discovered:
D:1:      scummos_arrival_forest, layout_basic,
          dreamdust_ecumenical_altar_hidden_monk_grotto,
          hangedman_abyss_or_decor_stabs, dreamdust_princess_corridor,
          minmay_surrounded
D:2:      layout_loops_corners, serial_shops, nicolae_shop_advertising_works
          [nicolae_subvault_shop_adworks], uniq_terence, uniq_jessica
D:3:      layout_loops_cross, ebering_ghost_reflecting_pool
D:4:      layout_gridville, dk_yredelemnul_ordeal,
          gammafunk_ghost_abyssal_escape
D:5:      layout_layer_cave, minmay_temple_entry_tees, water_maze_lemuel
D:6:      kennysheep_spiral_hall, layout_basic, uniq_menkaure, uniq_maggie,
          uniq_eustachio, uniq_grinder, uniq_edmund
Temple:   nicolae_temple_hex_pool

Skill      XL: |  1  2  3  4  5  6 |
---------------+-------------------+-----
Axes           | 3 4 5 6 7 |  7.1
Armour         | 2 |  2.3
Fighting       | |  2.1
Throwing       | |  1.0
Dodging        | |  2.1
Spellcasting   | |  2.0
Translocations | |  2.4

Action                   |  1- 3 |  4- 6 || total
-------------------------+-------+-------++-------
Melee: Hand axe          |    57 |   119 ||   176
       Kick              |    12 |    40 ||    52
       Peck              |     2 |    19 ||    21
       Headbutt          |       |    14 ||    14
       Punch             |       |     1 ||     1
Throw: Javelin           |    39 |    50 ||    89
       Boomerang         |     7 |       ||     7
  Use: Scroll            |     3 |    15 ||    18
       Potion            |     1 |     2 ||     3
Armor: Leather armour    |    19 |       ||    19
       Chain mail        |     1 |    49 ||    50
Dodge: Dodged            |    30 |    36 ||    66

Table legend:
 A = Non-vault XP
 B = Vault XP
 C = Vault XP percentage of total XP
 D = Non-vault monster count
 E = Vault monster count
 F = Vault count percentage of total count
                 A         B        C        D         E       F
            +---------+---------+-------+---------+---------+-------
      Total |     433 |      82 |  15.9 |      87 |       7 |   7.4
            +---------+---------+-------+---------+---------+-------
        D:1 |      67 |       8 |  10.7 |      39 |       4 |   9.3
        D:2 |      15 |      73 |  83.0 |       9 |       2 |  18.2
        D:3 |      23 |       0 |   0.0 |      13 |       0 |   0.0
        D:4 |     144 |       1 |   0.7 |      21 |       1 |   4.5
        D:5 |     184 |       0 |   0.0 |       5 |       0 |   0.0
            +---------+---------+-------+---------+---------+-------
